 Dungeon Crawl Stone Soup version 0.27.0-1-g7a089689b8 (webtiles) character file.

Game seed: 13178516721510869182

18 Sobieck the Grasshopper (level 2, -2/13 HPs)
             Began as a Felid Warper on Aug 11, 2021.
             Slain by a kobold (3 damage)
             ... on level 2 of the Dungeon.
             The game lasted 00:01:27 (1322 turns).

Sobieck the Grasshopper (Felid Warper)              Turns: 1322, Time: 00:01:28

Health: -2/13      AC:  1    Str:  7    XL:     2   Next: 48%
Magic:  6/6        EV: 17    Int: 14    God:
Gold:   54         SH:  0    Dex: 15    Spells: 5/5 levels left
                                        Lives:  0   Deaths: 0

rFire    . . .     SeeInvis +     - Unarmed
rCold    . . .     Faith    .   (shield unavailable)
rNeg     . . .     Spirit   .   (armour unavailable)
rPois    .         Reflect  .   (helmet unavailable)
rElec    .         Harm     .   (cloak unavailable)
rCorr    .         Rampage  .   (gloves unavailable)
Will     .....                  (boots unavailable)
Stlth    +.........             (no amulet)
HPRegen  0.04/turn              (no ring)
MPRegen  0.10/turn              (no ring)

@: quick
A: very small, claws 1, fangs 3, see invisible, speed 1, shaggy fur 1, stealthy
paws, no weapons or thrown items, no armour, multi-lived
a: no special abilities


You were on level 2 of the Dungeon.
You visited 1 branch of the dungeon, and saw 2 of its levels.

You collected 54 gold pieces.


Innate Abilities, Weirdness & Mutations

You have sharp claws.
You have razor-sharp teeth.
You have supernaturally acute eyesight. (SInv)
You cover ground quickly. (Speed+)
You are covered in fur. (AC +1)
Your paws help you pounce on unaware monsters.
You are incapable of wielding weapons or throwing items.
You cannot wear armour.
You gain extra lives every three experience levels.


   Skills:
 - Level 2.0 Fighting
 - Level 3.2 Dodging
 * Level 3.1 Unarmed Combat
 - Level 2.0 Spellcasting
 - Level 4.4 Translocations


You had 5 spell levels left.
You didn't know any spells.
Your spell library contained the following spells:

 Spells                   Type           Power      Damage    Failure   Level
 Blink                    Tloc           N/A        N/A       6%          2
 Gell's Gravitas          Tloc           6%         N/A       12%         3
 Lesser Beckoning         Tloc           6%         N/A       12%         3
 Teleport Other           Tloc           13%        N/A       12%         3
 Freeze                   Ice            4%         1d3       24%         1
 Frozen Ramparts          Ice            2%         1d2       56%         3
 Manifold Assault         Tloc           13%        N/A       73%         5
 Hailstorm                Conj/Ice       1%         3d3       93%         4

Inventory:

Scrolls
 a - a scroll of blinking {!r}
 c - a scroll of identify {unknown}
 d - a scroll of amnesia {unknown}
 e - a scroll of holy word {unknown}
Potions
 b - a potion of invisibility {unknown}

Dungeon Overview and Level Annotations

Branches:
Dungeon (2/15)

Altars:

#....... #######......
...........#
#.........# #.........#
#.........# #.....K...#
#....@....# #.........#
#.........##
#............
#.:...........
##..............
#.....................
#................>.....
#......................


You could see a kobold.


Message History

You kill the ball python!
The frilled lizard closely misses you.
You miss the frilled lizard. The frilled lizard closely misses you.
You scratch the frilled lizard.
You kill the frilled lizard!
Your Unarmed Combat skill increases to level 3!
No target in view!
A bat comes into view.
Danger!
You scratch the bat.
You kill the bat!
No target in view!
d - a scroll labelled CEJAONT JEUP Unknown command.
Done exploring.
(D) Dungeon
Where to? (? - help)
There is a stone staircase leading down here.
You climb downwards.
There is a stone staircase leading up here.
Unknown command.
e - a scroll labelled HUJUSOUDAESUU Unknown command.
You open the door.
A goblin comes into view. It is wielding a +0 dagger.
The goblin shouts!
A goblin comes into view. It is wielding a +0 club.
There is an open door here.
Danger!
Unknown command.
The goblin shouts!
Found a stone staircase leading down.
There is an open door here.
You scratch the goblin but do no damage.
You bite the goblin.
You kill the goblin!
A rat comes into view.
The goblin misses you.
There is an open door here.
Things that are here:
a +0 dagger {short}; a goblin corpse You completely miss the goblin.
A bat comes into view.
The goblin completely misses you.
You scratch the goblin. The goblin misses you.
You scratch the goblin.
You kill the goblin!
The bat misses you.
You miss the bat. The bat closely misses you. The bat misses you.
There is an open door here.
Things that are here:
a +0 dagger {short}; a goblin corpse You scratch the bat.
The bat barely misses you. The bat closely misses you. The rat misses you.
You see here a +0 club {mace}.
You scratch the rat but do no damage. The bat hits you but does no damage.
The rat closely misses you.
You closely miss the rat. The bat closely misses you.
The rat barely misses you.
You barely miss the bat. The bat closely misses you. x2
The rat closely misses you.
You scratch the bat.
You kill the bat!
The rat bites you.
You closely miss the rat. The rat bites you.
You closely miss the rat. The rat closely misses you.
You closely miss the rat. The rat barely misses you.
You barely miss the rat. You bite the rat, but do no damage.
You barely miss the rat. The rat barely misses you.
You closely miss the rat. The rat misses you.
You scratch the rat.
You kill the rat!
No target in view!
Unknown command.
You start resting.
Unknown command.
Unknown command.
You now have 54 gold pieces (gained 8).
A kobold comes into view. It is wielding a +0 club.
You see here a book of Necromancy.
Danger!
The kobold throws a stone.
The stone closely misses you. The kobold closely misses you.
You closely miss the kobold. The kobold hits you with a +0 club.
You are too injured to fight recklessly!
You are too injured to fight recklessly!
Unknown command.
You closely miss the kobold. The kobold misses you.
You closely miss the kobold. You claw the kobold, but do no damage.
The kobold hits you with a +0 club.
* * * LOW HITPOINT WARNING * * *
You scratch the kobold but do no damage.
Unknown command.
You miss the kobold. The kobold hits you with a +0 club.
* * * LOW HITPOINT WARNING * * *
Unknown command.
You barely miss the kobold. Your bite misses the kobold.
The kobold hits you with a +0 club.
You die...

Skill      XL: |  1  2 |
---------------+-------+-----
Unarmed Combat | 3 |  3.1
Fighting       | |  2.0
Dodging        | |  3.2
Spellcasting   | |  2.0
Translocations | |  4.4

Action                   || total
-------------------------++-------
Melee: Unarmed           ||    59
       Bite              ||     5
       Punch             ||     1
 Stab: Sleeping          ||     1
Armor: Skin              ||     1
Dodge: Dodged            ||    50

Levels and vault maps discovered:
D:1:      scummos_arrival_star, layout_loops_ring
D:2:      layout_basic, basic_altar, shapermc_ecumenical_altar_totnotflames

Notes
Turn   | Place    | Note
-------+----------+-------------------------------------------
     0 | D:1      | Sobieck the Felid Warper began the quest for the Orb.
     0 | D:1      | Reached XP level 1. HP: 9/9 MP: 4/4
     2 | D:1      | You pick up a book of Frost and begin reading...
     2 | D:1      | You add the spells Freeze, Frozen Ramparts and Hailstorm to
                  | your library.
   764 | D:1      | Reached XP level 2. HP: 13/13 MP: 6/6
   984 | D:1      | Reached skill level 3 in Unarmed Combat
  1319 | D:2      | HP: 3/13 [kobold (5)]
  1321 | D:2      | HP: 1/13 [kobold (2)]
  1322 | D:2      | Slain by a kobold

Vanquished Creatures
  2 ball pythons (D:1)
  3 bats
  An endoplasm (D:1)
  2 goblins (D:2)
  2 hobgoblins (D:1)
  A quokka (D:1)
  2 frilled lizards (D:1)
  A kobold (D:1)
  3 rats
17 creatures vanquished.

Table legend:
 A = Non-vault XP
 B = Vault XP
 C = Vault XP percentage of total XP
 D = Non-vault monster count
 E = Vault monster count
 F = Vault count percentage of total count
                 A         B        C        D         E       F
            +---------+---------+-------+---------+---------+-------
      Total |      26 |       0 |   0.0 |      17 |       0 |   0.0
            +---------+---------+-------+---------+---------+-------
        D:1 |      20 |       0 |   0.0 |      13 |       0 |   0.0
        D:2 |       6 |       0 |   0.0 |       4 |       0 |   0.0
            +---------+---------+-------+---------+---------+-------

Illustrated notes

Table legend:
 A = Kills in this place as a percentage of kills in entire the game.
 B = Kills by you in this place as a percentage of kills by you in the entire game.
 C = Kills by friends in this place as a percentage of kills by friends in the entire game.
 D = Other kills in this place as a percentage of other kills in the entire game.
 E = Experience gained in this place as a percentage of experience gained in the entire game.
 F = Experience gained in this place divided by the number of levels of this place that you have seen.
                   A       B       C       D       E      F
               +-------+-------+-------+-------+-------+----------------------
         Total | 100.0 | 100.0 |   N/A |   N/A | 100.0 |  13.0
       Dungeon | 100.0 | 100.0 |   N/A |   N/A | 100.0 |  13.0
               +-------+-------+-------+-------+-------+----------------------

Table legend: (Time is in decaauts)
 A = Elapsed time spent in this place.
 B = Non-inter-level travel time spent in this place.
 C = Inter-level travel time spent in this place.
 D = Time resting spent in this place.
 E = Time spent auto-exploring this place.
 F = Levels seen in this place.
 G = Mean time per level.
                   A        B        C        D        E       F      G
               +--------+--------+--------+--------+--------+-----+--------+
         Total |   1184 |   1174 |     10 |    526 |    531 |   2 |  592.0 |
       Dungeon |   1184 |   1174 |     10 |    526 |    531 |   2 |  592.0 |
               +--------+--------+--------+--------+--------+-----+--------+

Top non-repeatable levels by time:
     D:1: 1068 daAuts
     D:2: 115 daAuts
